 Dungeon Crawl Stone Soup version 0.29-a0-2-g12fcac58f8 (webtiles) character file.

Game seed: 10138563278412392392

622372 comborobin the Wrestler (level 26, -6/316 (379) HPs)
             Began as a Troll Cinder Acolyte on Jan 27, 2022.
             Was the Champion of Cheibriados.
             Mangled by an Executioner (14 damage)
             ... summoned by a shadow demon
             ... in Pandemonium on Jan 31, 2022.
             The game lasted 02:15:02 (57755 turns).

comborobin the Wrestler (Troll Cinder Acolyte)     Turns: 57755, Time: 02:15:03

HP:   -6/316 (379)  AC: 28    Str: 56    XL:     26   Next: 55%
MP:   34/34         EV: 17    Int: 27    God:    Cheibriados [******]
Gold: 9223          SH:  5    Dex: 26    Spells: 8/41 levels left

rFire   + + +      SeeInvis .     - Unarmed
rCold   + + .      Faith    .   (shield currently unavailable)
rNeg    . . .      Spirit   .   (armour currently unavailable)
rPois   +          Reflect  +   (helmet currently unavailable)
rElec   +          Harm     .   (cloak currently unavailable)
rCorr   .          Rampage  .   (gloves unavailable)
Will    +....                   (boots unavailable)
Stlth   ++........              b - amulet of Incredulity {Reflect Contam rElec rF+ rC+++ SH+5}
HPRegen 1.42/turn               i - ring of the Tortoise {AC+8}
MPRegen 0.24/turn               w - +4 ring of protection

@: about to teleport, dragon-form, flying, heavily drained, very slow
A: dragon claw, dragon scales, breathe fire, flying, boosted hp, giant,
unfitting armour, (claws 3), regeneration 1, (shaggy fur 1), (tough skin 1),
(antennae 1), frail 1, mutation resistance 1, sense surroundings 1, strong 1,
subdued magic 1
}: 4/15 runes: barnacled, silver, abyssal, gossamer
a: Breathe Fire, End Transformation, Renounce Religion, Bend Time, Temporal
Distortion, Slouch, Step From Time


You were in Pandemonium.
You worshipped Cheibriados.
Cheibriados was exalted by your worship.
You were a fearsome dragon!
You visited 11 branches of the dungeon, and saw 48 of its levels.
You visited Pandemonium 1 time, and saw 2 of its levels.
You visited the Abyss 5 times.
You also visited: Sewer, Ossuary, Gauntlet, Ice Cave and Volcano.

You collected 10328 gold pieces.
You spent 1105 gold pieces at shops.

Inventory:

Missiles
 c - 19 silver javelins
 g - 16 javelins
 F - 147 large rocks (quivered)
 Y - 6 throwing nets
Armour
 x - the +3 robe of Panuodi (melded) {Int+8}
   (You found it on level 7 of the Dungeon)

   Int:       It affects your intelligence (+8).
 y - an orb of light (melded)
 H - a +1 cloak of preservation
 I - a scarf of shadows (melded)
 S - the +6 faerie dragon scales {rCorr Str+5 Int-4}
   (You took it off the Enchantress on level 3 of the Depths)

   Str:       It affects your strength (+5).
   Int:       It affects your intelligence (-4).
   rCorr:     It protects you from acid and corrosion.
 Z - a +2 hat of intelligence (melded)
Magical Staves
 d - a staff of earth
Jewellery
 b - the amulet of Incredulity (around neck) {Reflect Contam rElec rF+ rC+++ SH+5}
   (You took it off a deep elf pyromancer on level 7 of the Dungeon)

   [amulet of reflection]

   It reflects blocked missile attacks.
   rF:        It protects you from fire.
   rC:        It renders you almost immune to cold.
   rElec:     It insulates you from electricity.
   Contam:    It causes magical contamination when unequipped.
   SH:        It affects your SH (+5).
 i - the ring of the Tortoise (left foreclaw) {AC+8}
   (You found it in a Gauntlet)

   [ring of protection]

   AC:        It affects your AC (+8).
 j - the ring of Uqaos {rN+ Str+4 Int+2 SInv}
   (You found it in an ice cave)

   [ring of positive energy]

   Str:       It affects your strength (+4).
   Int:       It affects your intelligence (+2).
   rN:        It protects you from negative energy.
   SInv:      It lets you see invisible.
 w - a +4 ring of protection (right foreclaw)
 A - the amulet "Mangog" {RegenMP Fly Str+7 Int-3}
   (You found it on level 11 of the Dungeon)

   [amulet of magic regeneration]

   It increases your rate of magic regeneration.
   Str:       It affects your strength (+7).
   Int:       It affects your intelligence (-3).
   Fly:       It grants you flight.
 B - a ring of protection from cold
 D - a ring of resist corrosion
 J - the ring of Irruuxtiq {rF+ Str+6 SInv}
   (You found it on level 6 of the Lair of Beasts)

   [ring of strength]

   Str:       It affects your strength (+6).
   rF:        It protects you from fire.
   SInv:      It lets you see invisible.
 K - the ring of Suupsafu {rPois rN+ Will- Int+8 SInv}
   (You found it on level 7 of the Dungeon)

   [ring of positive energy]

   Int:       It affects your intelligence (+8).
   rPois:     It protects you from poison.
   rN:        It protects you from negative energy.
   SInv:      It lets you see invisible.
   Will:      It decreases your willpower.
 L - the ring "Biros" {rN+ Str+6}
   (You found it on level 7 of the Dungeon)

   [ring of strength]

   Str:       It affects your strength (+6).
   rN:        It protects you from negative energy.
 O - the amulet "Lacrojul" {Regen+ Dex+8}
   (You found it in a Gauntlet)

   [amulet of regeneration]

   Dex:       It affects your dexterity (+8).
   Regen:     It increases your rate of health regeneration.
Wands
 u - a wand of iceblast (29)
 E - a wand of digging (2)
 Q - a wand of polymorph (17)
 U - a wand of paralysis (38)
 X - a wand of acid (11)
Scrolls
 a - 4 scrolls of fear
 f - 51 scrolls of identify
 h - 5 scrolls of enchant armour
 l - 2 scrolls of silence
 n - a scroll of holy word
 o - 11 scrolls of immolation
 r - 7 scrolls of fog
 v - 11 scrolls of teleportation
 M - 7 scrolls of blinking
 P - 8 scrolls of amnesia
 R - a scroll of magic mapping
 T - 5 scrolls of summoning
Potions
 e - 6 potions of attraction
 k - a potion of resistance
 m - 6 potions of lignification
 p - a potion of cancellation
 q - 4 potions of brilliance
 t - 5 potions of mutation
 z - 11 potions of ambrosia
 C - a potion of invisibility
 G - 9 potions of curing
 N - 3 potions of magic
 V - 8 potions of flight
 W - 3 potions of might


   Skills:
 - Level 19.9 Fighting
 - Level 8.0 Throwing
 - Level 3.5 Armour
 - Level 11.2 Dodging
 - Level 24.0 Unarmed Combat
 * Level 8.0 Spellcasting
 - Level 8.0 Necromancy
 - Level 9.0 Translocations
 - Level 15.6 Transmutations
 - Level 2.1 Fire Magic
 - Level 3.0 Ice Magic
 - Level 14.0 Invocations


You had 8 spell levels left.
You knew the following spells:

 Your Spells              Type           Power      Damage    Failure   Level
g - Sublimation of Blood  Necr           41%        N/A       1%          2
h - Passage of Golubria   Tloc           45%        N/A       1%          4
n - Portal Projectile     Hex/Tloc       54%        N/A       1%          3
o - Ozocubu's Armour      Ice            20%        N/A       3%          3
w - Passwall              Tmut/Erth      33%        N/A       1%          2
D - Dragon Form           Tmut           32%        N/A       6%          7
M - Manifold Assault      Tloc           45%        N/A       2%          5
P - Silence               Hex/Air        4%         N/A       78%         5
S - Wereblood             Tmut           65%        N/A       0%          2

Your spell library contained the following spells:

 Spells                   Type           Power      Damage    Failure   Level
 Corpse Rot               Necr/Air       48%        N/A       1%          2
 Gell's Gravitas          Tloc           45%        N/A       1%          3
 Ignite Poison            Fire/Tmut/Pois 32%        N/A       1%          3
 Lesser Beckoning         Tloc           45%        N/A       1%          3
 Teleport Other           Tloc           45%        N/A       1%          3
 Ice Form                 Ice/Tmut       46%        N/A       1%          4
 Petrify                  Tmut/Erth      40%        N/A       1%          4
 Foxfire                  Conj/Fire      48%        2x1d6     2%          1
 Scorch                   Fire           34%        2d7       2%          2
 Ensorcelled Hibernation  Hex/Ice        28%        N/A       3%          2
 Sandblast                Erth           16%        2d6       4%          1
 Agony                    Necr           41%        N/A       4%          5
 Poisonous Vapours        Pois/Air       16%        N/A       6%          2
 Static Discharge         Conj/Air       8%         N/A       6%          2
 Iskenderun's Mystic Bla  Conj/Tloc      27%        2d7       7%          4
 Conjure Flame            Conj/Fire      12%        6-21      8%          3
 Inner Flame              Hex/Fire       12%        N/A       8%          3
 Anguish                  Hex/Necr       12%        N/A       8%          4
 Call Canine Familiar     Summ           8%         N/A       13%         3
 Dazzling Flash           Conj/Hex       16%        N/A       13%         3
 Mephitic Cloud           Conj/Pois/Air  8%         N/A       13%         3
 Stone Arrow              Conj/Erth      16%        3d8       13%         3
 Summon Guardian Golem    Hex/Summ       8%         N/A       13%         3
 Tukima's Dance           Hex            8%         N/A       13%         3
 Dispersal                Tloc           22%        N/A       17%         6
 Summon Forest            Summ/Tloc      13%        N/A       19%         5
 Hailstorm                Conj/Ice       14%        3d5       24%         4
 Flame Wave               Conj/Fire      12%        2d6       28%         4
 Animate Armour           Summ/Erth      16%        N/A       41%         4
 Leda's Liquefaction      Hex/Erth       4%         N/A       41%         4
 Metabolic Englaciation   Hex/Ice        7%         N/A       56%         5
 Simulacrum               Ice/Necr       15%        N/A       58%         6
 Freezing Cloud           Conj/Ice/Air   6%         6-21      63%         5
 Lightning Bolt           Conj/Air       4%         1d15      78%         5
 Summon Mana Viper        Hex/Summ       8%         N/A       78%         5
 Starburst                Conj/Fire      6%         6d4       99%         6
 Summon Cactus Giant      Summ           4%         N/A       100%        6
 Enfeeble                 Hex            4%         N/A       100%        7
 Ozocubu's Refrigeration  Ice            10%        4d7       100%        7
 Summon Hydra             Summ           4%         N/A       100%        7
 Lehudib's Crystal Spear  Conj/Erth      4%         10d3      100%        8
 Maxwell's Capacitive Co  Air            4%         ∞         100%        8


Dungeon Overview and Level Annotations

Branches:
Dungeon (15/15)            Temple (1/1) D:5            Lair (6/6) D:8
 Shoals (4/4) Lair:4       Spider (4/4) Lair:3        Slime (0/5) Lair:6
    Orc (2/2) D:10            Elf (3/3) Orc:2        Vaults (5/5) D:13
  Crypt (0/3) Vaults:2     Depths (4/4) D:15           Hell (visited)
    Dis (0/7) Hell            Geh (3/7) Hell            Coc (0/7) Hell
    Tar (0/7) Hell            Zot (0/5) Depths:4      Sewer (visited)
Ossuary (visited)           IceCv (visited)         Volcano (visited)
Gauntlet (visited)

Altars:
Ashenzari
Cheibriados
Dithmenos
Elyvilon
Fedhas
Gozag
Hepliaklqana
Kikubaaqudgha
Makhleb
Nemelex Xobeh
Okawaru
Qazlal
Ru
Sif Muna
Trog
Uskayaw
Vehumet
Wu Jian
Xom
Yredelemnul
Zin
The Shining One
Beogh
Lugonu

Shops:
D:3 **!=   D:7 *   D:13 !   Orc:2 *:([   Elf:1 [   Elf:3 [[   Vaults:1 [
Vaults:2 [   Depths:3 *

Portals:
Hell: Depths:1 Depths:2 Depths:3 Depths:4
Abyss: Lair:6 Depths:1 Depths:3
Pandemonium: Depths:2 Depths:3
Ziggurat: Depths:1
Bazaar: Depths:2

Annotations:
D:13 4 exclusions
Orc:1 2 transporters, Clumpoid's ghost, journeyman TrMo
Elf:1 1 runed translucent door
Elf:2 3 runed translucent doors


Innate Abilities, Weirdness & Mutations

You are a fearsome dragon!
You have a powerful clawing attack.
Your giant scaled body is strong and resiliant, but less evasive.
You can breathe fire.
You are flying.
Your maximum health is greatly increased.
Your armour is entirely melded.
You are incapable of wielding weapons or throwing items.
You are too large for most types of armour.
((You have claws for hands.))
Your natural rate of healing is unusually fast.
((You are covered in fur. (AC +1)))
((You have tough skin. (AC +1)))
((You have a pair of small antennae on your head.))
You are frail. (-10% HP)
You are somewhat resistant to further mutation.
You passively map a small area around you.
Your muscles are strong. (Str +2)
Your spells are a little easier to cast, but a little less powerful.


Message History

Cheibriados thoroughly appreciates the change of pace.
The Executioner hits you!
The Executioner hits you but does no damage. x3
The Executioner closely misses you.
The Executioner hits you but does no damage.
The tormentor calls on the powers of darkness!
Your body is wracked with pain!
Unknown command.
Unknown command.
You closely miss the Executioner.
You tail-slap the Executioner, but do no damage.
Your claw misses the Executioner. The Executioner barely misses you.
The Executioner hits you but does no damage.
The Executioner closely misses you.
The Executioner gestures.
The Executioner seems to speed up.
The Executioner hits you but does no damage. x2
The Executioner misses you.
A demonspawn corrupter comes into view. It is wielding a +0 great sword.
A +5 demon blade of distortion comes into view.
Meek sneers, "Repent, thou gorbellied knotty-pated wormtrail!"
Meek gestures at you. The bolt of acid hits you!!!
* * * LOW HITPOINT WARNING * * *
The demonspawn warmonger shoots a bolt.
The bolt hits you!!
* * * LOW HITPOINT WARNING * * *
The bolt freezes you.
* * * LOW HITPOINT WARNING * * *
The tormentor calls on the powers of darkness!
Your body is wracked with pain!
* * * LOW HITPOINT WARNING * * *
You maul the Executioner!!!!!
You kill the Executioner!
Cheibriados thoroughly appreciates the change of pace.
The Executioner hits you.
* * * LOW HITPOINT WARNING * * *
You block the Executioner's attack. The Executioner hits you.
* * * LOW HITPOINT WARNING * * *
The Executioner hits you!
You die...

* ,
........5.....#
,
...1..6....3...
,
...............
,
..2.......5...8
,
.......&6.1....
,
(..............
,
6..R....62....#
* ,
..2.1..D.63...#
, *
..$.....1.2...#
..........6...#
###############
* , ,,, ,, , ,
, * * , * , * ,
* * ,, ,


You could see Meek, a Hell Sentinel, 2 demonspawn warmongers, a Brimstone Fiend,
an Ice Fiend, 2 demonspawn blood saints, 2 demonspawn corrupters, a balrug, an
Executioner (summoned, fast), a rakshasa, 2 shadow demons, a tormentor, a
neqoxec, a ynoxinul, a +5 demon blade of distortion and 2 ufetubi.

Vanquished Creatures
  A dread lich (Vaults:5)
  An ancient lich (Vaults:5)
  Mara (Depths:3)
  A juggernaut (Depths:4)
  Sojobo (Depths:2)
  Frederick (Depths:3)
  Margery (Depths:3)
  Saint Roka (Vaults:1)
  A caustic shrike (Depths:3)
  A pandemonium lord (Pan)
  Geryon (Hell)
  A profane servitor (Abyss:3)
  2 golden dragons
  the Enchantress (Depths:3)
  The ghost of snackwell the Champion of Chaos, an adept DDDe of Makhleb (Vaults:4)
  3 Brimstone Fiends
  Arachne (Spider:4)
  2 bone dragons (Depths:1)
  3 doom hounds
  6 Tzitzimimeh
  3 hellephants
  8 liches
  8 tentacled monstrosities
  5 searing wretches (Geh:1)
  2 deep elf blademasters (Elf:3)
  Asterion (Elf:1)
  6 titans
  A quicksilver dragon (Vaults:5)
  A deep elf master archer (Elf:3)
  Polyphemus (Shoals:3)
  2 walking divine tomes (Depths:3)
  An Executioner (Pan)
  2 ancient champions (Geh:1)
  2 krakens
  Kirke (D:12)
  3 shadow dragons
  8 sphinxes
  3 storm dragons
  3 tentacled starspawn
  11 tengu reavers
  Ilsuiw (Shoals:2)
  A draconian knight (Depths:4)
  A demonspawn warmonger (Pan)
  5 frost giants
  7 fire giants
  7 emperor scorpions (Spider:4)
  4 ghost moths
  5 balrugs
  Aizul (Depths:2)
  Louise (Depths:1)
  5 iron dragons
  13 deep elf sorcerers
  4 cacodemons
  A draconian stormcaller (Depths:4)
  18 vault wardens
  3 orc warlords
  19 ironbound preservers
  3 deep elf elementalists (Elf:3)
  A juggernaut zombie (Depths:2)
  2 angels (Pan)
  5 war gargoyles
  3 demonspawn corrupters (Pan)
  4 broodmothers
  7 reapers
  5 spriggan defenders
  25 very ugly things
  2 ironbound thunderhulks
  2 vampire knights
  13 stone giants
  7 deep elf demonologists
  13 dire elephants
  6 deep elf annihilators
  2 red draconians (Depths:4)
  2 white draconians (Depths:4)
  2 yellow draconians (Depths:4)
  A minotaur (Gauntlet)
  7 entropy weavers
  2 green deaths (Pan)
  4 spark wasps
  8 merfolk impalers
  5 fire dragons
  12 ettins
  7 deep elf death magi
  2 blizzard demons (Depths:1)
  6 merfolk javelineers
  A spriggan zombie (Abyss:3)
  15 yaktaur captains
  3 great orbs of eyes
  12 deep elf high priests
  4 rakshasas
  An ogre mage (D:15)
  29 vault guards
  9 hydras
  9 boulder beetles
  A jorogumo (Spider:4)
  3 hell beasts
  2 quicksilver dragon skeletons
  A radroach (Spider:3)
  3 caustic shrike simulacra (IceCv)
  8 ice dragons
  6 spriggan air magi
  2 alligator snapping turtles (Shoals:2)
  10 ironbound frosthearts
  5 merfolk avatars
  A catoblepas (Shoals:3)
  17 centaur warriors
  6 satyrs
  7 two-headed ogres
  A death knight (D:14)
  4 merfolk aquamancers
  10 deep troll earth magi
  14 deep troll shamans
  2 tengu warriors
  28 hell hogs
  6 death yaks
  4 spriggan berserkers
  2 vampire magi
  15 dancing weapons
  7 thrashing horrors
  A titan zombie (Hell)
  13 deep elf knights
  A shock serpent (shapeshifter) (Elf:3)
  2 orc high priests
  31 hell knights
  19 large abominations
  9 sun demons
  4 soul eaters
  A sun moth (Spider:3)
  7 skeletal warriors
  13 iron trolls
  2 golden dragon zombies
  7 wretched stars
  7 pharaoh ants
  A shadow wraith (Vaults:2)
  3 glowing orange brains
  2 titan skeletons
  4 sea snakes
  A sixfirhy (Depths:1)
  A storm dragon skeleton (D:15)
  7 orb spiders
  4 steelbarb worms
  60 deep trolls
  A death drake (shapeshifter) (Vaults:5)
  A spriggan simulacrum (IceCv)
  12 deep elf archers
  14 necromancers
  3 bog bodies (IceCv)
  3 lindwurms
  A shadow demon (Pan)
  19 ironbound convokers
  An anaconda skeleton (Hell)
  Pikel (D:5)
  7 orc knights
  2 obsidian statues
  5 wizards
  26 deep elf pyromancers
  An orange crystal statue (Depths:1)
  26 harpies
  4 phantasmal warriors (Vaults:5)
  20 deep elf zephyrmancers
  27 wolf spiders
  25 fauns
  A will-o-the-wisp (Abyss:1)
  51 ugly things
  15 manticores
  4 worldbinders (Abyss:3)
  2 frost giant zombies
  15 elephants
  8 merfolk sirens
  A stone giant skeleton (D:15)
  6 moths of wrath
  2 apocalypse crabs (Abyss:3)
  23 cyclopes
  3 centaur zombies
  An eye of devastation (shapeshifter) (Depths:4)
  3 torpor snails
  A guardian serpent (shapeshifter) (Depths:4)
  9 rust devils
  2 orange demons (Hell)
  8 black mambas
  A dire elephant zombie (Abyss:3)
  2 ice statues
  18 vault sentinels
  8 water nymphs
  6 demonic crawlers
  A gargoyle (D:12)
  4 hellions
  2 rime drakes
  2 unseen horrors (Depths:1)
  4 smoke demons
  15 cane toads
  A rime drake (shapeshifter) (Lair:6)
  9 komodo dragons
  17 freezing wraiths
  3 anaconda simulacra (IceCv)
  4 ice devils
  A kobold demonologist (D:13)
  5 tormentors
  6 tengu conjurers
  A hellwing (Abyss:3)
  A sea snake skeleton (Hell)
  49 yaktaurs
  An entropy weaver simulacrum (IceCv)
  3 golden dragon simulacra (IceCv)
  6 ancient zymes
  2 red devils (Hell)
  4 polar bears (Lair:6)
  A guardian mummy (D:15)
  A meliai (shapeshifter) (D:15)
  27 merfolk
  2 hydra zombies (Hell)
  3 trolls
  A harpy zombie (Abyss:3)
  14 meliai
  A queen bee (Spider:2)
  A hornet (Depths:3)
  11 wind drakes
  A wind drake (shapeshifter) (D:13)
  A dream sheep (shapeshifter) (Vaults:5)
  3 harpy skeletons
  22 tarantellas
  18 blink frogs
  7 snapping turtles
  A stone giant simulacrum (Abyss:3)
  Prince Ribbit (D:7)
  An alligator zombie (Hell)
  19 slime creatures
  An ettin zombie (Hell)
  10 dream sheep
  4 raiju
  A jumping spider (shapeshifter) (Vaults:5)
  23 jumping spiders
  3 centaur simulacra (Gauntlet)
  2 spriggans (Depths:3)
  An alligator skeleton (Hell)
  37 water elementals
  Sigmund (D:3)
  An air elemental (Elf:3)
  A yak (shapeshifter) (Elf:1)
  47 yaks
  13 ynoxinuls
  2 culicivoras (shapeshifter)
  12 culicivoras
  7 wyverns
  2 shadows (D:12)
  9 dire elephant simulacra (IceCv)
  A fire bat (Abyss:3)
  20 fire elementals
  A human (shapeshifter) (Vaults:5)
  7 basilisks
  A human (Depths:2)
  A hog (D:12)
  A human simulacrum (Vaults:3)
  3 chaos spawn
  31 redbacks
  3 vampire mosquitoes (D:12)
  3 neqoxecs
  2 steam dragons
  2 wargs (Vaults:1)
  A minotaur simulacrum (IceCv)
  A harpy simulacrum (IceCv)
  2 acid dragons
  A floating eye (shapeshifter) (Depths:3)
  2 hydra simulacra (IceCv)
  4 hell hounds (Volcano)
  15 water moccasins
  Duvessa (D:7)
  2 hornet zombies
  2 sky beasts
  20 small abominations
  22 orc warriors
  2 necrophages
  2 ice beasts (Lair:6)
  A swamp dragon zombie (Hell)
  An ettin simulacrum (IceCv)
  4 alligator simulacra
  5 centaurs
  8 ogres
  28 starcursed masses
  24 wolves
  2 boggarts (Depths:1)
  2 phantoms (D:5)
  A kobold brigand (D:9)
  2 elf zombies (Ossuary)
  9 bullfrogs
  3 scorpions
  5 earth elementals
  A gnoll sergeant (D:11)
  3 deep troll simulacra (IceCv)
  2 lindwurm simulacra (IceCv)
  Dowan (D:7)
  37 killer bees
  An electric eel (Lair:2)
  A howler monkey (D:10)
  A crimson imp (Abyss:3)
  A bullfrog zombie (D:7)
  3 human zombies
  2 jellies
  11 orc priests
  A wyvern simulacrum (Gauntlet)
  2 hounds
  2 bullfrog skeletons (D:6)
  2 centaur skeletons
  2 gnoll shamans
  5 iron imps
  2 iguanas (D:4)
  10 orc wizards
  18 hell rats
  3 hound zombies
  3 mummies (Ossuary)
  A howler monkey zombie (D:8)
  20 gnolls
  10 adders
  3 river rats
  6 shadow imps
  6 white imps
  An adder skeleton (D:4)
  4 adder zombies (Ossuary)
  9 worms
  A dart slug (D:4)
  64 orcs
  7 ball pythons
  8 bats
  6 endoplasms
  4 giant cockroaches
  A gnoll zombie (Ossuary)
  7 goblins
  5 hobgoblins
  13 kobolds
  3 quokkas (D:2)
  A frilled lizard (D:3)
  5 goblin zombies (Ossuary)
  3 hobgoblin zombies (Ossuary)
  4 jackal zombies (Ossuary)
  6 kobold zombies (Ossuary)
  2 orc zombies (Ossuary)
  A quokka zombie (Ossuary)
  7 rats
  2 rat zombies (Ossuary)
  3 fire vortices
  A lurking horror (Abyss:1)
  A plant (Shoals:4)
  2 starspawn tentacles (Abyss:4)
  2 tentacles (Shoals:3)
2229 creatures vanquished.

Vanquished Creatures (others)
  A deep elf knight (Elf:1)
  A sixfirhy (Pan)
  A smoke demon (Abyss:3)
  A hellion (Geh:1)
  An ogre (D:15)
  An orc wizard (Elf:1)
  A hell rat (Hell)
  A creeping inferno (Geh:3)
  2 foxfires (Abyss:1)
  24 fungi
  89 plants
  6 starspawn tentacles (Abyss:4)
  8 tentacles
  4 withered plants (D:15)
141 creatures vanquished.

Grand Total: 2370 creatures vanquished

Notes
Turn   | Place    | Note
-------+----------+-------------------------------------------
     0 | D:1      | comborobin the Troll Cinder Acolyte began the quest for the
                  | Orb.
     0 | D:1      | Reached XP level 1. HP: 22/22 MP: 1/1
    49 | D:2      | Reached XP level 2. HP: 29/29 MP: 2/2
    64 | D:3      | Found a basalt altar of Yredelemnul.
    68 | D:3      | Noticed Sigmund
    84 | D:3      | Killed Sigmund
    85 | D:3      | Reached skill level 6 in Unarmed Combat
    85 | D:3      | Reached XP level 3. HP: 32/36 MP: 3/3
    85 | D:3      | Reached XP level 4. HP: 40/44 MP: 4/4
    85 | D:3      | Reached XP level 5. HP: 45/50 MP: 5/5
   182 | D:3      | Found Joqunu's Distillery.
   240 | D:4      | Found a glowing golden altar of the Shining One.
   255 | D:5      | Entered Level 5 of the Dungeon
   265 | D:5      | Noticed Pikel
   265 | D:5      | Noticed a lemure
   266 | D:5      | Noticed a lemure
   272 | D:5      | Noticed a lemure
   281 | D:5      | Killed Pikel
   282 | D:5      | Reached skill level 8 in Unarmed Combat
   282 | D:5      | Reached XP level 6. HP: 40/59 MP: 6/6
   282 | D:5      | Reached XP level 7. HP: 45/66 MP: 7/7
   289 | D:5      | Found a staircase to the Ecumenical Temple.
   343 | D:5      | Reached skill level 9 in Unarmed Combat
   381 | D:5      | Found a glowing drain.
   385 | Sewer    | Entered a sewer
   650 | Sewer    | Gained mutation: You are covered in thick fur. (AC +2)
                  | [potion of mutation]
   650 | Sewer    | Gained mutation: You are partially covered in iridescent
                  | scales. (AC +2) [potion of mutation]
   762 | D:6      | Reached skill level 10 in Unarmed Combat
   762 | D:6      | Reached XP level 8. HP: 32/74 MP: 8/8
   922 | D:6      | Found a shimmering blue altar of Sif Muna.
  1116 | D:7      | Found a sand-covered staircase.
  1122 | Ossuary  | Entered an ossuary
  1242 | Ossuary  | Reached skill level 11 in Unarmed Combat
  1440 | D:7      | Noticed a +0 hand axe
  1561 | D:10     | Entered Level 10 of the Dungeon
  1591 | D:10     | Reached skill level 12 in Unarmed Combat
  1591 | D:10     | Reached XP level 9. HP: 80/80 MP: 9/9
  1669 | D:10     | Found a hazy altar of Hepliaklqana.
  1905 | D:10     | Reached skill level 13 in Unarmed Combat
  2127 | D:10     | Found a white marble altar of Elyvilon.
  2481 | D:10     | Noticed a komodo dragon
  2500 | D:10     | Killed a komodo dragon
  2501 | D:10     | Reached skill level 14 in Unarmed Combat
  2841 | D:10     | Found a staircase to the Orcish Mines.
  3062 | D:11     | Identified the amulet "Mangog" {RegenMP Fly Str+7 Int-3}
  3154 | D:11     | Reached XP level 10. HP: 88/88 MP: 10/10
  3480 | D:11     | Noticed a boulder beetle
  3615 | D:12     | Noticed a manticore
  3630 | D:12     | Killed a manticore
  3631 | D:12     | Reached skill level 15 in Unarmed Combat
  3770 | D:12     | Noticed a gargoyle
  3784 | D:12     | Killed a gargoyle
  3879 | D:12     | Noticed a cyan ugly thing
  3894 | D:12     | Killed a cyan ugly thing
  4063 | D:12     | Noticed Kirke
  4078 | D:12     | Killed Kirke
  4079 | D:12     | Reached skill level 5 in Fighting
  4083 | D:12     | Reached skill level 16 in Unarmed Combat
  4302 | D:12     | Noticed a deep elf pyromancer
  4327 | D:12     | Killed a deep elf pyromancer
  4328 | D:12     | Reached XP level 11. HP: 90/102 MP: 9/11
  4528 | D:13     | Found Weavo's Distillery.
  4528 | D:13     | Noticed a four-headed hydra
  4534 | D:13     | Killed a four-headed hydra
  4543 | D:13     | Bought a potion of mutation for 112 gold pieces
  4625 | D:13     | Noticed a centaur warrior
  4634 | D:13     | Killed a centaur warrior
  4858 | D:13     | Noticed a seven-headed hydra
  4938 | D:14     | Noticed a centaur warrior
  4950 | D:14     | Noticed a death knight
  4953 | D:14     | Killed a centaur warrior
  4954 | D:14     | Reached skill level 17 in Unarmed Combat
  4955 | D:14     | Killed a death knight
  5096 | D:14     | Noticed an eight-headed hydra
  5104 | D:14     | Killed an eight-headed hydra
  5175 | D:14     | Noticed a brown ugly thing
  5175 | D:14     | Noticed a brown ugly thing
  5188 | D:14     | Killed a brown ugly thing
  5190 | D:14     | Killed a brown ugly thing
  5190 | D:14     | Noticed a brown ugly thing
  5193 | D:14     | Killed a brown ugly thing
  5194 | D:14     | Noticed a brown ugly thing
  5201 | D:14     | Killed a brown ugly thing
  5202 | D:14     | Reached skill level 18 in Unarmed Combat
  5205 | D:14     | Noticed a boulder beetle
  5239 | D:13     | Noticed a two-headed ogre
  5246 | D:13     | Killed a two-headed ogre
  5247 | D:13     | Reached XP level 12. HP: 53/115 MP: 12/12
  5337 | D:13     | Noticed a boulder beetle
  5490 | D:11     | Noticed a six-headed hydra
  5869 | Temple   | Entered the Ecumenical Temple
  6601 | D:4      | Found a snail-covered altar of Cheibriados.
  6627 | D:4      | Fell from the grace of Ignis
  6627 | D:4      | Became a worshipper of Cheibriados the Contemplative
  6656 | D:3      | Found Wuuzar's Assorted Antiques.
  6690 | D:3      | Found Ceshud's General Store.
  6695 | D:3      | Bought a scroll of teleportation for 36 gold pieces
  6695 | D:3      | Bought a scroll of teleportation for 36 gold pieces
  6702 | D:3      | Found Remuph's Assorted Antiques.
  6856 | D:1      | Found a faded altar of an unknown god.
  7264 | D:2      | Reached * piety under Cheibriados
  7836 | D:3      | Found Vorumpus's Jewellery Emporium.
  7842 | D:3      | Bought an amulet of regeneration for 360 gold pieces
  7895 | D:3      | Found a burning altar of Makhleb.
  8280 | D:4      | Reached ** piety under Cheibriados
  8682 | D:6      | Found an ornate altar of the Wu Jian Council.
  8820 | D:6      | Reached skill level 1 in Dodging
  9049 | D:7      | Noticed Prince Ribbit
  9055 | D:7      | Killed Prince Ribbit
  9058 | D:7      | Noticed Duvessa
  9058 | D:7      | Noticed Dowan
  9066 | D:7      | Killed Duvessa
  9068 | D:7      | Killed Dowan
  9079 | D:7      | Found Udisuimi's Assorted Antiques.
  9088 | D:7      | Bought an embroidered scarf for 184 gold pieces
  9088 | D:7      | Bought 3 scrolls labelled BUW KUETWUING for 69 gold pieces
  9188 | D:7      | Bought a green potion for 20 gold pieces
  9255 | D:7      | Found a large runed translucent door.
  9255 | D:7      | Found a large runed translucent door.
  9337 | D:7      | Identified the +3 robe of Panuodi {Int+8}
  9356 | D:7      | Noticed a boulder beetle
  9363 | D:7      | Killed a boulder beetle
  9407 | D:7      | Found a hide-covered altar of Uskayaw.
  9452 | D:7      | You fall into a shaft and drop 2 floors!
  9574 | D:7      | Learned a level 2 spell: Passwall
  9577 | D:7      | Learned a level 2 spell: Wereblood
  9580 | D:7      | Learned a level 2 spell: Sublimation of Blood
  9653 | D:7      | Found an iron altar of Okawaru.
  9658 | D:7      | Found a blossoming altar of Fedhas.
  9737 | D:7      | Noticed a two-headed ogre
  9741 | D:7      | Killed a two-headed ogre
  9741 | D:7      | Noticed an eight-headed hydra
  9821 | D:7      | Reached skill level 1 in Throwing
  9846 | D:7      | Identified the amulet of Incredulity {Reflect Contam rElec
                  | rF+ rC+++ SH+5}
  9932 | D:8      | Reached *** piety under Cheibriados
 10097 | D:8      | You fall into a shaft and drop 2 floors!
 10286 | D:8      | Found a staircase to the Lair.
 10368 | D:8      | Reached skill level 1 in Invocations
 10944 | D:9      | Reached **** piety under Cheibriados
 11539 | D:9      | Learned a level 4 spell: Anguish
 11603 | D:10     | Killed a six-headed hydra
 11604 | D:10     | Reached skill level 5 in Throwing
 11606 | D:10     | You fall into a shaft and drop 1 floor!
 11606 | D:11     | Was forgiven by Ignis
 11618 | D:11     | Killed a boulder beetle
 12073 | D:7      | Killed a nine-headed hydra
 12089 | D:7      | Identified the ring "Hinocsoi" {Str+6 SInv}
 12116 | D:7      | Identified the ring of Suupsafu {rPois rN+ Will- Int+8
                  | SInv}
 12125 | D:7      | Identified the ring "Biros" {rN+ Str+6}
 12452 | D:13     | Noticed a centaur warrior
 12453 | D:13     | Noticed a two-headed ogre
 12454 | D:13     | Noticed a two-headed ogre
 12455 | D:13     | Noticed a centaur warrior
 12457 | D:13     | Killed a centaur warrior
 12468 | D:13     | Killed a boulder beetle
 12477 | D:13     | Killed a seven-headed hydra
 12478 | D:13     | Reached XP level 13. HP: 64/127 MP: 13/13
 12682 | D:13     | Noticed an ironbound preserver
 12693 | D:13     | Killed an ironbound preserver
 12712 | D:13     | Found a gate to the Vaults.
 13534 | D:15     | Entered Level 15 of the Dungeon
 13589 | D:15     | Noticed a fire dragon
 13681 | D:14     | Killed a fire dragon
 13723 | D:15     | Reached ***** piety under Cheibriados
 13791 | D:15     | Found an ancient bone altar of Kikubaaqudgha.
 13792 | D:15     | Found a staircase to the Depths.
 13968 | D:15     | Reached skill level 19 in Unarmed Combat
 14457 | D:15     | Reached XP level 14. HP: 117/140 MP: 10/16
 14831 | Depths:1 | Entered Level 1 of the Depths
 14831 | Depths:1 | Found a one-way gateway to a ziggurat.
 14951 | Orc:1    | Entered Level 1 of the Orcish Mines
 15011 | Orc:1    | Found a transporter.
 15017 | Orc:1    | Found a transporter.
 15055 | Orc:1    | Reached skill level 5 in Dodging
 15199 | Orc:1    | Noticed Clumpoid's ghost (journeyman TrMo)
 15218 | Orc:1    | Identified the ring "Fohuxesches" {rPois Str-4 Int+5 Dex+6
                  | SInv}
 15320 | Orc:1    | Found a bloodstained altar of Trog.
 15479 | Orc:2    | Entered Level 2 of the Orcish Mines
 15611 | Orc:2    | Found Athosk's Antique Armour Shop.
 15611 | Orc:2    | Noticed a stone giant
 15620 | Orc:2    | Killed a stone giant
 15688 | Orc:2    | Found Rouchydi's Antique Weapon Boutique.
 15720 | Orc:2    | Reached skill level 5 in Invocations
 15721 | Orc:2    | Found Vokis's Book Shoppe.
 15883 | Orc:2    | Found Nahugene's General Store.
 15962 | Orc:2    | Found a staircase to the Elven Halls.
 16285 | Elf:1    | Entered Level 1 of the Elven Halls
 16285 | Elf:1    | Noticed a deep elf sorcerer
 16285 | Elf:1    | Found a runed translucent gate.
 16285 | Elf:1    | Found a runed translucent gate.
 16285 | Elf:1    | Found a runed translucent gate.
 16285 | Elf:1    | Found a runed translucent gate.
 16285 | Elf:1    | Found a runed translucent gate.
 16285 | Elf:1    | Found a runed translucent gate.
 16290 | Elf:1    | Found a runed translucent door.
 16310 | Elf:1    | Found a runed translucent door.
 16318 | Elf:1    | Killed a deep elf sorcerer
 16347 | Orc:2    | Bought Ozocubu's Autobiography for 288 gold pieces
 16351 | Orc:2    | Learned a level 3 spell: Ozocubu's Armour
 16474 | Lair:1   | Entered Level 1 of the Lair of Beasts
 16666 | Lair:1   | Reached ****** piety under Cheibriados
 17445 | Lair:2   | Reached skill level 10 in Fighting
 18100 | Lair:3   | Found a dark tunnel.
 18112 | Volcano  | Entered a volcano
 18468 | Lair:3   | Found a hole to the Spider Nest.
 18579 | Lair:3   | Reached skill level 20 in Unarmed Combat
 18878 | Lair:4   | Reached XP level 15. HP: 122/149 MP: 18/18
 19026 | Lair:4   | Found a staircase to the Shoals.
 19083 | Lair:4   | Reached skill level 1 in Ice Magic
 19895 | Lair:5   | Found a gate leading to a gauntlet.
 19905 | Gauntlet | Entered a Gauntlet
 19905 | Gauntlet | Found a transporter.
 19912 | Gauntlet | Found a transporter.
 19912 | Gauntlet | Found the ring of the Tortoise {AC+8}
 19914 | Gauntlet | Found a transporter.
 19927 | Gauntlet | Found a transporter.
 19928 | Gauntlet | Found a transporter.
 19937 | Gauntlet | Found a transporter.
 19954 | Gauntlet | Found a transporter.
 19965 | Gauntlet | Found a transporter.
 19976 | Gauntlet | Found a transporter.
 19985 | Gauntlet | Found a runed translucent door.
 19988 | Gauntlet | Found a runed translucent door.
 19990 | Gauntlet | Found a transporter.
 19991 | Gauntlet | Noticed an emperor scorpion
 19991 | Gauntlet | a great orb of eyes changed into an emperor scorpion
 20004 | Gauntlet | Found a transporter.
 20007 | Gauntlet | Found a runed translucent door.
 20026 | Gauntlet | Found a transporter.
 20026 | Gauntlet | Found a transporter.
 20054 | Gauntlet | Noticed a caustic shrike
 20065 | Gauntlet | Found a transporter.
 20070 | Gauntlet | Noticed an iron giant
 20070 | Gauntlet | a caustic shrike changed into an iron giant
 20102 | Gauntlet | Reached skill level 1 in Necromancy
 20190 | Gauntlet | Identified the amulet "Lacrojul" {Regen+ Dex+8}
 20207 | Gauntlet | Found the +3 salamander hide armour {Flames rF++ rC--}
 20215 | Gauntlet | Got the Reference Book on Execration
 20218 | Gauntlet | Got Nireduin's Grimoire of Transmutation and Combat Magic
 20237 | Gauntlet | Identified the +7 short sword "Nogru" {holy, rF+ rN+ Will+}
 20238 | Gauntlet | Got the Reference Book on Displacement
 20241 | Gauntlet | Identified the +7 shortbow of Distant Shores {venom, rElec
                  | rN++ Str-5 Int+2}
 20515 | Lair:5   | Learned a level 4 spell: Passage of Golubria
 21035 | Lair:6   | Entered Level 6 of the Lair of Beasts
 21104 | Lair:6   | Reached skill level 1 in Translocations
 21267 | Lair:6   | Learned a level 5 spell: Manifold Assault
 21344 | Lair:6   | Identified a scroll of acquirement
 21344 | Lair:6   | Acquired 683 gold pieces
 21565 | Lair:6   | Identified the ring of Irruuxtiq {rF+ Str+6 SInv}
 21669 | Lair:6   | Reached skill level 5 in Translocations
 21808 | Lair:6   | Found a staircase to the Slime Pits.
 22164 | Lair:6   | Found a corrupted altar of Lugonu.
 22164 | Lair:6   | Found a one-way gate to the infinite horrors of the Abyss.
 22616 | D:15     | Reached XP level 16. HP: 158/158 MP: 19/19
 22622 | D:15     | Reached skill level 1 in Armour
 23064 | Depths:1 | Reached skill level 1 in Transmutations
 23155 | Depths:1 | Gained mutation: You are dopey. (Int -2) [a shining eye]
 23159 | Depths:1 | Gained mutation: You have hidden genetic defects. [a
                  | shining eye]
 23188 | Depths:1 | Lost mutation: You are covered in thick fur. (AC +2)
                  | [potion of mutation]
 23188 | Depths:1 | Lost mutation: You are partially covered in iridescent
                  | scales. (AC +2) [potion of mutation]
 23188 | Depths:1 | Gained mutation: You have very sharp teeth. [potion of
                  | mutation]
 23188 | Depths:1 | Gained mutation: You have a pair of small horns on your
                  | head. [potion of mutation]
 23189 | Depths:1 | Lost mutation: You have a pair of small horns on your head.
                  | [potion of mutation]
 23189 | Depths:1 | Lost mutation: You are dopey. (Int -2) [potion of mutation]
 23189 | Depths:1 | Gained mutation: Armour fits poorly on your strangely
                  | shaped body. [potion of mutation]
 23189 | Depths:1 | Gained mutation: You are agile. (Dex +2) [potion of
                  | mutation]
 23190 | Depths:1 | Lost mutation: You are agile. (Dex +2) [potion of mutation]
 23190 | Depths:1 | Lost mutation: You have very sharp teeth. [potion of
                  | mutation]
 23190 | Depths:1 | Lost mutation: Armour fits poorly on your strangely shaped
                  | body. [potion of mutation]
 23190 | Depths:1 | Gained mutation: You occasionally shout uncontrollably at
                  | your foes. [potion of mutation]
 23190 | Depths:1 | Lost mutation: You have hidden genetic defects. [potion of
                  | mutation]
 23346 | Depths:1 | Identified the +1 chain mail of Bifroditt {Str+4 Dex+2}
 23559 | Depths:1 | Noticed a lich
 23567 | Depths:1 | Killed a lich
 23777 | Depths:1 | Noticed Louise
 23783 | Depths:1 | Killed Louise
 23800 | Depths:1 | Voluntarily entered the Abyss.
 23844 | Abyss:1  | Gained mutation: Your body sometimes deteriorates upon
                  | taking damage. [a cacodemon]
 24113 | Abyss:2  | Gained mutation: Armour fits poorly on your strangely
                  | shaped body. [a neqoxec]
 24189 | Abyss:3  | Paralysed by accursed screaming for 1 turns
 24271 | Abyss:4  | Noticed a tentacled starspawn
 24271 | Abyss:4  | Noticed a tentacled starspawn
 24285 | Abyss:4  | Killed a tentacled starspawn
 24286 | Abyss:4  | Killed a tentacled starspawn
 24301 | Abyss:4  | Reached XP level 17. HP: 82/136 MP: 8/21
 24301 | Abyss:4  | Reached XP level 18. HP: 86/143 MP: 8/22
 24301 | Abyss:4  | Got an abyssal rune of Zot
 24397 | Abyss:4  | Noticed a lich
 24406 | Abyss:4  | Killed a lich
 24408 | Abyss:4  | Paralysed by accursed screaming for 1 turns
 24420 | Depths:1 | Escaped the Abyss
 24572 | Depths:1 | Noticed a lich
 24576 | Depths:1 | Killed a lich
 24800 | Depths:1 | Lost mutation: Your body sometimes deteriorates upon taking
                  | damage. [potion of mutation]
 24800 | Depths:1 | Lost mutation: Armour fits poorly on your strangely shaped
                  | body. [potion of mutation]
 24800 | Depths:1 | Gained mutation: You are occasionally teleported next to
                  | monsters. [potion of mutation]
 24800 | Depths:1 | Gained mutation: You are partially covered in iridescent
                  | scales. (AC +2) [potion of mutation]
 24801 | Depths:1 | Lost mutation: You are occasionally teleported next to
                  | monsters. [potion of mutation]
 24801 | Depths:1 | Lost mutation: You occasionally shout uncontrollably at
                  | your foes. [potion of mutation]
 24801 | Depths:1 | Gained mutation: You have a pair of small antennae on your
                  | head. [potion of mutation]
 24801 | Depths:1 | Gained mutation: You passively map a small area around you.
                  | [potion of mutation]
 24802 | Depths:1 | phew
 24908 | Depths:1 | Found a gateway to Hell.
 25616 | Elf:1    | Found Ichutzae's Armour Boutique.
 25616 | Elf:1    | Noticed Asterion
 25631 | Elf:1    | Killed Asterion
 25768 | Elf:1    | Reached XP level 19. HP: 151/187 MP: 24/24
 26056 | Elf:1    | Cast into level 2 of the Abyss (a deep elf demonologist)
 26085 | Elf:1    | Escaped the Abyss
 26370 | Elf:1    | Found a runed translucent gate.
 26370 | Elf:1    | Found a runed translucent gate.
 26370 | Elf:1    | Found a runed translucent gate.
 26370 | Elf:1    | Found a runed translucent gate.
 26371 | Elf:1    | Found a runed translucent gate.
 26371 | Elf:1    | Found a runed translucent gate.
 26742 | Elf:2    | Reached skill level 10 in Dodging
 26883 | Elf:2    | Reached skill level 21 in Unarmed Combat
 26883 | Elf:2    | Reached skill level 5 in Spellcasting
 26899 | Elf:2    | Found a frozen archway.
 26916 | IceCv    | Entered an ice cave
 27236 | IceCv    | Found an ancient bone altar of Kikubaaqudgha.
 27412 | IceCv    | Identified the ring of Uqaos {rN+ Str+4 Int+2 SInv}
 27907 | Elf:2    | Found a runed translucent gate.
 27907 | Elf:2    | Found a runed translucent gate.
 27908 | Elf:2    | Found a runed translucent gate.
 28270 | Elf:3    | Entered Level 3 of the Elven Halls
 28274 | Elf:3    | Found Vun Sixt's Armour Shoppe.
 28274 | Elf:3    | Found Rient's Antique Armour Emporium.
 28380 | Elf:3    | Learned a level 7 spell: Dragon Form
 28406 | Elf:3    | Cast into level 3 of the Abyss (a deep elf sorcerer)
 28712 | Abyss:3  | Noticed a profane servitor
 28729 | Abyss:3  | Killed a profane servitor
 28925 | Elf:3    | Escaped the Abyss
 29033 | Elf:3    | Noticed a Tzitzimitl
 29601 | Elf:3    | Reached skill level 5 in Transmutations
 29631 | Elf:3    | Identified the +5 great mace "Dragonbane" {freeze, rN+
                  | rCorr Str-5 Dex+4}
 29770 | Elf:3    | Cast into level 3 of the Abyss (a deep elf sorcerer)
 29848 | Abyss:3  | Found a corrupted altar of Lugonu.
 30007 | Abyss:3  | Gained mutation: You are dopey. (Int -2) [a neqoxec]
 30048 | Elf:3    | Escaped the Abyss
 30143 | Elf:3    | Noticed a Brimstone Fiend
 30275 | Elf:3    | Identified the +5 storm dragon scales "Disku" {rElec Will+
                  | Slay+6}
 30276 | Elf:3    | Identified the +11 hand axe "Leicvyxt" {vorpal, Str+7}
 30488 | Elf:3    | Reached XP level 20. HP: 198/198 MP: 26/26
 30583 | Elf:3    | Reached XP level 21. HP: 122/206 MP: 23/27
 30706 | Elf:3    | Paralysed by an air elemental for 1 turns
 32053 | Shoals:1 | Entered Level 1 of the Shoals
 32825 | Depths:1 | Reached skill level 10 in Transmutations
 33165 | Depths:2 | Found a one-way gate leading to the halls of Pandemonium.
 33212 | Depths:2 | Noticed Sojobo
 33221 | Depths:2 | Gained mutation: You occasionally shout uncontrollably at
                  | your foes. [mutagenic glow]
 33295 | Depths:2 | Gained mutation: Your spells are a little easier to cast,
                  | but a little less powerful. [mutagenic glow]
 33326 | Depths:2 | Lost mutation: You occasionally shout uncontrollably at
                  | your foes. [potion of mutation]
 33326 | Depths:2 | Lost mutation: You are partially covered in iridescent
                  | scales. (AC +2) [potion of mutation]
 33326 | Depths:2 | Lost mutation: You are dopey. (Int -2) [potion of mutation]
 33326 | Depths:2 | Gained mutation: Your muscles are strong. (Str +2) [potion
                  | of mutation]
 33326 | Depths:2 | Gained mutation: You are somewhat resistant to further
                  | mutation. [potion of mutation]
 33396 | Depths:2 | Found a shimmering altar of Xom.
 33396 | Depths:2 | Found a shimmering altar of Xom.
 33397 | Depths:2 | Found a shimmering altar of Xom.
 33405 | Depths:2 | Found a shimmering altar of Xom.
 33405 | Depths:2 | Found a shimmering altar of Xom.
 33411 | Depths:2 | Noticed Aizul
 33434 | Depths:2 | Killed Aizul
 33782 | Depths:2 | Killed Sojobo
 33898 | Depths:2 | Found a gateway to a bazaar.
 34046 | Depths:3 | Noticed the Enchantress
 34243 | Depths:3 | Killed the Enchantress
 34281 | Depths:3 | Noticed Margery
 34284 | Depths:3 | Killed Margery
 34772 | Depths:3 | Found Noczaecsui's General Store.
 34946 | Depths:3 | Noticed Mara
 34954 | Depths:3 | Killed Mara
 35206 | Depths:3 | Noticed a caustic shrike
 35210 | Depths:3 | Noticed a golden dragon
 35212 | Depths:3 | Killed a caustic shrike
 35246 | Depths:3 | Reached skill level 22 in Unarmed Combat
 35280 | Depths:3 | Noticed Frederick
 35284 | Depths:3 | Killed Frederick
 35313 | Depths:3 | Gained mutation: You are frail. (-10% HP) [mutagenic glow]
 35371 | Depths:3 | Killed a golden dragon
 35820 | Depths:3 | Reached XP level 22. HP: 192/192 MP: 26/30
 36163 | Depths:4 | Entered Level 4 of the Depths
 36444 | Depths:4 | Noticed a juggernaut
 36453 | Depths:4 | Killed a juggernaut
 36872 | Depths:4 | Found a stormy altar of Qazlal.
 37082 | Depths:4 | Noticed a golden dragon
 37090 | Depths:4 | Killed a golden dragon
 37094 | Depths:4 | Found a gate to the Realm of Zot.
 37271 | Depths:4 | Found an iron altar of Okawaru.
 37573 | Vaults:1 | Entered Level 1 of the Vaults
 37590 | Vaults:1 | Found Heiggioh's Armour Shop.
 37767 | Vaults:1 | Reached skill level 5 in Necromancy
 37942 | Vaults:1 | Reached skill level 23 in Unarmed Combat
 38451 | Vaults:1 | Noticed Saint Roka
 38468 | Vaults:1 | Killed Saint Roka
 38589 | Vaults:1 | Reached skill level 24 in Unarmed Combat
 39381 | Vaults:1 | Reached XP level 23. HP: 199/199 MP: 26/32
 39967 | Vaults:2 | Reached skill level 15 in Transmutations
 40186 | Vaults:2 | Found Ugoj's Antique Armour Boutique.
 40255 | Vaults:2 | Found a staircase to the Crypt.
 40255 | Vaults:2 | Found an ancient bone altar of Kikubaaqudgha.
 40256 | Vaults:2 | Found a basalt altar of Yredelemnul.
 41574 | Vaults:3 | You fall into a shaft and drop 1 floor!
 41591 | Vaults:4 | Cast into level 2 of the Abyss (a wizard)
 41595 | Abyss:2  | Found a corrupted altar of Lugonu.
 41601 | Vaults:4 | Escaped the Abyss
 42911 | Vaults:4 | Found a runed translucent gate.
 42911 | Vaults:4 | Found a runed translucent gate.
 42912 | Vaults:4 | Found a runed translucent gate.
 42913 | Vaults:4 | Noticed snackwell's ghost (adept DDDe)
 43347 | Vaults:4 | Killed snackwell's ghost
 44055 | Vaults:5 | Entered Level 5 of the Vaults
 44391 | Vaults:5 | Noticed an ancient lich
 44593 | Vaults:5 | Reached XP level 24. HP: 202/202 MP: 22/33
 44670 | Vaults:5 | Killed an ancient lich
 44751 | Vaults:5 | Identified the ring of Divine Compulsion {rElec EV+4 Dex+6}
 45068 | Vaults:5 | Noticed a dread lich
 45074 | Vaults:5 | Killed a dread lich
 45510 | Vaults:5 | Got a silver rune of Zot
 45684 | Vaults:5 | Reached skill level 10 in Invocations
 45685 | Vaults:5 | Identified the +3 great sword "Fease" {drain, rF- rC+
                  | Str+2}
 45844 | Vaults:5 | Acquired a staff of earth
 47693 | Shoals:2 | Noticed Ilsuiw
 47712 | Shoals:2 | Killed Ilsuiw
 47791 | Shoals:2 | Found a shadowy altar of Dithmenos.
 48527 | Shoals:3 | Noticed Polyphemus
 48533 | Shoals:3 | Killed Polyphemus
 49119 | Shoals:3 | Reached XP level 25. HP: 224/224 MP: 17/34
 49413 | Shoals:4 | Entered Level 4 of the Shoals
 49613 | Shoals:4 | Got a barnacled rune of Zot
 49843 | Shoals:4 | Reached skill level 15 in Fighting
 50517 | Shoals:3 | Learned a level 5 spell: Silence
 50521 | Shoals:3 | Learned a level 3 spell: Portal Projectile
 50912 | Hell     | Entered the Vestibule of Hell
 51084 | Hell     | Noticed Geryon
 51696 | Hell     | Killed Geryon
 51936 | Hell     | Found a gateway to the Iron City of Dis.
 52076 | Hell     | Found a gateway to the freezing wastes of Cocytus.
 52226 | Hell     | Found a gateway to the ashen valley of Gehenna.
 52554 | Hell     | Found a gateway to the decaying netherworld of Tartarus.
 52837 | Spider:1 | Entered Level 1 of the Spider Nest
 54039 | Spider:4 | Entered Level 4 of the Spider Nest
 54133 | Spider:4 | Noticed Arachne
 54139 | Spider:4 | Killed Arachne
 54427 | Spider:4 | Got a gossamer rune of Zot
 54895 | Spider:3 | Reached XP level 26. HP: 245/245 MP: 27/34
 56526 | Geh:1    | Entered Level 1 of Gehenna
 56759 | Geh:2    | Noticed a dread lich
 56778 | Geh:2    | HP: 6/376 [balrug/divine providence (13)]
 56778 | Geh:2    | HP: 2/376 [balrug/fireball (4)]
 57131 | Pan      | Entered Pandemonium
 57255 | Pan      | Noticed Piesmull the pandemonium lord
 57258 | Pan      | Killed Piesmull the pandemonium lord
 57749 | Pan      | Noticed Meek the pandemonium lord
 57755 | Pan      | HP: 13/316 [Executioner[a shadow demon] (3)]
 57755 | Pan      | Mangled by an Executioner

Illustrated notes

.......#...≈≈#####≈≈.§.#...#
.......#...≈≈≈≈≈≈§≈≈...#...#
...≈≈..#.....≈≈≈≈≈.....#...#
.......#.......≈.......#...#
....(..#...............#...#
.......#...............#...#
.).....########'########...#
...#..[................PP..#
...#..[[[......[@[.........#
######..#####..............#
#.## ################ ###


Turn 24802 on Depths:1: phew

Levels and vault maps discovered:
D:1:      minmay_arrival_three_doors, layout_rooms,
          hellmonk_ecumenical_altar_zigzags, amcnicky_mini_corridor_feature
D:2:      layout_basic, minmay_quantized
D:3:      layout_rooms, demons_altar, amcnicky_altar_gilded, serial_shops, shop,
          nicolae_shop_hallway_stairs, shop, nicolae_shop_advertising_works
          [nicolae_subvault_shop_adworks], shop, uniq_sigmund
D:4:      minmay_chambers_of_threes, layout_cave_pools,
          mainiacjoe_overflow_small_starburst, cheibriados_altar_1,
          lemuel_flame_loot_1
D:5:      minmay_spotlight, layout_rooms, minmay_temple_entry_large_hall,
          gup_sewer_entry_spiral, uniq_pikel
D:6:      layout_loops_ring, nicolae_overflow_crystal_walls,
          mainiacjoe_overflow_chevrons
D:7:      minmay_the_grid_triangle_9x9_recursive_2
          [minmay_the_grid_triangle_9x9_prize_special,
          minmay_the_grid_triangle_9x9_semitri,
          minmay_the_grid_triangle_9x9_sprig,
          minmay_the_grid_triangle_9x9_odd_lines], layout_cave_pools,
          dancing_weapons_uskayaw, jmf_multi_god_temple2,
          lightli_ossuary_entry_decrepit_ruins, serial_shops, shop_statue,
          abandoned_shop, minivault_1, uniq_duvessa, uniq_prince_ribbit1
D:8:      layout_rooms, david_lair_generic, grunt_ministairs_14
D:9:      layout_stronghold
D:10:     layout_gridville, elyvilon_altar_1, worldfamousw_hep_ancestral_shrine,
          david_orc_4
D:11:     layout_stronghold
D:12:     layout_cave_pods, chequers_serial_rivers_micro_b, uniq_kirke
D:13:     layout_cave_pools, skrybe_vaults_entry_preservation, serial_shops,
          nicolae_stop_n_shop_2, roderic_three_in_a_row,
          chequers_serial_rivers_room_b, amcnicky_mini_pool_small
D:14:     layout_cave_pools
D:15:     gammafunk_depths_entry_grave, layout_loops_ring,
          kiku_gazebo_pond_becter, minmay_increasing_density
Temple:   minmay_temple_curvy_loop
Lair:1:   layout_regular_city
Lair:2:   layout_long_grid, chequers_serial_rivers_large_b, serial_bayou_pond_b,
          lemuel_fruit_tree
Lair:3:   layout_gridlike, dummy_spider_entry, nicolae_volcano_entry_hallway,
          serial_bayou_pond_a
Lair:4:   layout_regular_city, minmay_shoals_entry_lonely_mermaid,
          serial_forest, infiniplex_forest_lined_3_way,
          infiniplex_forest_clump_double, infiniplex_forest_split,
          infiniplex_forest_split, infiniplex_forest_zigzag_1,
          infiniplex_forest_lined_3, infiniplex_forest_diagonal
Lair:5:   layout_cave_pods, gauntlet_entry_generic, st_stairs_11
Lair:6:   hellmonk_lair_end_abyssal_woods, layout_gridlike,
          dpeg_slime_entry_corner, ice2_lemuel
Shoals:1: layout_shoals
Shoals:2: layout_shoals, wheals_shoals_ruined_temple, uniq_ilsuiw
Shoals:3: layout_shoals, st_cyclops, uniq_polyphemus
Shoals:4: shoals_end_grunt_ice, layout_shoals
Spider:1: layout_spider_delve
Spider:2: nicolae_spider_hilbert_zone_2 [nicolae_spider_hilbert_4_sides_1_open,
          nicolae_spider_hilbert_4_sides_1_open,
          nicolae_spider_hilbert_4_sides_1_open,
          nicolae_spider_hilbert_4_sides_1_open,
          nicolae_spider_hilbert_6_sides_1_open,
          nicolae_spider_hilbert_6_sides_1_open,
          nicolae_spider_hilbert_3_sides_1_open,
          nicolae_spider_hilbert_3_sides_1_open,
          nicolae_spider_hilbert_3_sides_1_open,
          nicolae_spider_hilbert_3_sides_1_open,
          nicolae_spider_hilbert_6_sides_1_open,
          nicolae_spider_hilbert_6_sides_1_open,
          nicolae_spider_hilbert_6_sides_1_open,
          nicolae_spider_hilbert_6_sides_1_open], special_room
          [special_room_bee]
Spider:3: layout_cave_pods, nicolae_spider_eight_legs
Spider:4: grunt_spider_rune_circles, uniq_arachne
Orc:1:    layout_caves, basic_altar, gammafunk_ghost_wrathful_warriors
Orc:2:    grunt_orc_gardens, layout_caves, grunt_orc_garden, grunt_orc_garden,
          grunt_orc_garden, grunt_orc_garden
Elf:1:    nicolae_elf_arrival_dilemma, layout_geoelf_diagonals, serial_shops,
          nicolae_shop_stone, orc_legates,
          nicolae_concentric_dashed_squares_wild, uniq_asterion, uniq_louise
Elf:2:    nicolae_elf_blades_splatter_lattice [grunt_blade_entry_basic],
          layout_onion_city, portal_ice_cave_entry_pillars_three, uniq_azrael
Elf:3:    minmay_elf_hall_curves, layout_gridlike, minmay_shoptagon
Vaults:1: grunt_vaults_diagonal, nicolae_vaults_windows_and_doors_thing,
          v_misc_11, nicolae_vaults_big_angled_halls, ontoclasm_vaults_chip,
          v_pattern_3, nicolae_vaults_big_angled_halls,
          ontoclasm_vaults_loading_screen, nicolae_vaults_alarming,
          vaults_standard_mumra_x, vaults_room_pool,
          nicolae_vaults_shelves_hall, layout_vaults_omnicross, serial_shops,
          shop_coins, uniq_saint_roka
Vaults:2: v_alt_pattern_3, ontoclasm_vaults_shuriken,
          minmay_crypt_entry_necro_gods, vaults_room_fours,
          nicolae_vaults_network_periphery, v_alt_pattern_4,
          hangedman_vaults_corner_blocks, nicolae_vaults_know_your_exits,
          hangedman_vaults_trim, vaults_room_hallway,
          ontoclasm_vaults_loading_screen, layout_vaults_big_room, serial_shops,
          shop
Vaults:3: vaults_room_semicircle, hangedman_vaults_pinch,
          grunt_vaults_hallway_short, nicolae_vaults_what_the_h,
          layout_vaults_ring
Vaults:4: gammafunk_ghost_split, hangedman_vaults_snaps,
          nicolae_vaults_fighting_squares, nicolae_vaults_puzzle_piece,
          vaults_dpeg_cross, v_misc_14, v_rooms_2, v_pattern_1,
          nicolae_vaults_little_squares_4, vaults_room_fancy_cross,
          layout_vaults_omnigrid
Vaults:5
Depths:1: layout_cave_pools, enter_ziggurat_a, grunt_hell_entry_demonic_statue,
          nicolae_abyss_entry_one_way_or_another, minmay_misc_feat_square,
          horrible_house_mu
Depths:2: cheibrodos_tormentor_scu, layout_cave_pools, hell_entry, serial_shops,
          bzr_entry_customers, pan_entry, xom_redecorated, uniq_sojobo,
          uniq_aizul
Depths:3: minmay_crescents, layout_long_grid, grunt_hell_entry_dis_mu,
          pan_entry, serial_shops, shop, abyss_entry_glasseish,
          serial_sigils_hangedman_gut, uniq_margery, uniq_mara, uniq_frederick,
          uniq_enchantress
Depths:4: grunt_zot_entry_alcove, layout_basic, okawaru_gym_becter, hell_entry,
          grunt_qazlal_sundering
Hell
Geh:1:    layout_gehenna_pools_box, hangedman_elemental_grid_stream
Geh:2:    layout_gehenna_pools_box, evilmike_ambush
          [evilmike_ambush_outer_corners, evilmike_ambush_inner_basic]
Geh:3:    layout_gehenna_pools_box, nicolae_geh_lava_shack
Pan:      rand_demon_6, layout_pan_divisions_a [pan_division_quadrant_a2,
          pan_division_quadrant_a4, pan_division_quadrant_a6,
          pan_division_quadrant_a6, pan_division_octagon_rings],
          pan_blood_fountain_small, pan_disco_hall, layout_irregular_city,
          pan_blood_fountain_small

Skill      XL: |  1  2  3  4  5  6  7  8  9 10 11 12 13 14 15 16 17 18 19 20 21 22 23 24 25 26 |
---------------+-------------------------------------------------------------------------------+-----
Unarmed Combat | 6 8 10 12 14 16 18 19 20 21 22 24 | 24.0
Fighting       | 5 6 7 9 10 11 12 14 17 19 | 19.9
Dodging        | 2 4 7 9 10 11 | 11.2
Throwing       | 6 8 |  8.0
Invocations    | 2 4 6 7 8 12 14 | 14.0
Ice Magic      | 3 |  3.0
Necromancy     | 1 2 3 5 6 8 |  8.0
Translocations | 6 7 8 9 |  9.0
Spellcasting   | 2 3 4 5 6 7 8 |  8.0
Armour         | 3 |  3.5
Transmutations | 3 8 12 14 15 | 15.6
Fire Magic     | |  2.1

Action                   |  1- 3 |  4- 6 |  7- 9 | 10-12 | 13-15 | 16-18 | 19-21 | 22-24 | 25-27 || total
-------------------------+-------+-------+-------+-------+-------+-------+-------+-------+-------++-------
Melee: Unarmed           |    17 |    17 |   326 |   468 |   816 |   429 |   917 |  1008 |   694 ||  4692
       Punch             |     2 |       |    19 |       |       |    33 |    13 |   109 |    47 ||   223
       Bite              |       |       |       |       |       |       |    17 |    85 |    31 ||   133
       Tailslap          |       |       |       |       |       |       |    16 |   105 |    55 ||   176
Throw: Large rock        |       |       |       |     5 |    37 |    14 |    49 |       |     2 ||   107
       Javelin           |       |       |       |    11 |    20 |    34 |    47 |       |       ||   112
       Dart              |       |       |       |     1 |       |       |       |       |       ||     1
 Cast: Ozocubu's Armour  |       |       |       |       |     2 |     5 |    12 |     4 |     3 ||    26
       Passwall          |       |       |       |       |       |    11 |       |     1 |       ||    12
       Manifold Assault  |       |       |       |       |       |     9 |    74 |   168 |   159 ||   410
       Wereblood         |       |       |       |       |       |     3 |     5 |    35 |     9 ||    52
       Sublimation of Bl |       |       |       |       |       |     1 |    88 |   163 |   166 ||   418
       Dragon Form       |       |       |       |       |       |       |    14 |    94 |    58 ||   166
       Passage of Golubr |       |       |       |       |       |       |     1 |       |     2 ||     3
       Portal Projectile |       |       |       |       |       |       |       |       |     1 ||     1
Invok: Fiery Armour      |     1 |     1 |     2 |     2 |       |       |       |       |       ||     6
       Rising Flame      |       |       |       |     1 |       |       |       |       |       ||     1
       Slouch            |       |       |       |       |     2 |     7 |     6 |     2 |     7 ||    24
       Temporal Distorti |       |       |       |       |       |     8 |     8 |     1 |       ||    17
       Step From Time    |       |       |       |       |       |       |       |       |     2 ||     2
 Abil: Breathe Fire      |       |       |       |       |       |       |       |     1 |       ||     1
Evoke: Wand              |       |       |       |    23 |     2 |     1 |     1 |       |       ||    27
       Phantom mirror    |       |       |       |       |       |       |     1 |       |       ||     1
  Use: Potion            |       |     3 |     5 |    11 |     1 |    11 |     9 |     1 |     7 ||    48
       Scroll            |       |     1 |     3 |    18 |     8 |     3 |    13 |     3 |     2 ||    51
 Stab: Distracted        |       |       |       |       |       |     1 |     1 |     1 |       ||     3
       Sleeping          |       |       |       |       |       |       |       |       |     1 ||     1
Armor: Robe              |     3 |     7 |   132 |   270 |   146 |       |    42 |    23 |    16 ||   639
       Skin              |       |       |       |    19 |       |     2 |    59 |   386 |   325 ||   791
       Troll leather arm |       |       |       |       |   270 |   129 |   190 |       |       ||   589
Dodge: Dodged            |    11 |     4 |   120 |   268 |   564 |   206 |   498 |   532 |   478 ||  2681
Block: Orb               |       |       |       |       |   183 |    40 |   135 |    12 |    15 ||   385
       Reflection        |       |       |       |       |     6 |     4 |    19 |    27 |     3 ||    59
       Other             |       |       |       |       |       |    28 |    24 |   175 |   118 ||   345

Table legend: (Time is in decaauts)
 A = Elapsed time spent in this place.
 B = Non-inter-level travel time spent in this place.
 C = Inter-level travel time spent in this place.
 D = Time resting spent in this place.
 E = Time spent auto-exploring this place.
 F = Levels seen in this place.
 G = Mean time per level.
                   A        B        C        D        E       F      G
               +--------+--------+--------+--------+--------+-----+--------+
         Total |  85132 |  75484 |   9648 |   8790 |  49213 |  63 | 1351.3 |
       Dungeon |  20546 |  16185 |   4361 |   1414 |  11692 |  15 | 1369.7 |
        Temple |    215 |    191 |     24 |      0 |    188 |   1 |  215.0 |
          Lair |  10664 |   9135 |   1529 |     79 |   7945 |   6 | 1777.3 |
        Shoals |   5425 |   5038 |    387 |    233 |   3438 |   4 | 1356.2 |
   Spider Nest |   5451 |   5235 |    216 |    139 |   3899 |   4 | 1362.8 |
  Orcish Mines |   2620 |   2167 |    453 |     38 |   1751 |   2 | 1310.0 |
   Elven Halls |   7465 |   6810 |    655 |   1339 |   3717 |   3 | 2488.3 |
        Vaults |  14568 |  13618 |    950 |   1480 |   9846 |   5 | 2913.6 |
        Depths |  10740 |   9816 |    924 |   2870 |   4339 |   4 | 2685.0 |
          Hell |   1596 |   1451 |    145 |    564 |    674 |   1 | 1596.0 |
       Gehenna |    311 |    311 |      0 |     41 |      0 |   3 |  103.7 |
         Abyss |   2117 |   2117 |      0 |    330 |    347 |   8 |  264.6 |
   Pandemonium |    864 |    864 |      0 |    205 |    101 |   2 |  432.0 |
         Sewer |    328 |    328 |      0 |      0 |    206 |   1 |  328.0 |
       Ossuary |    250 |    250 |      0 |      0 |    119 |   1 |  250.0 |
      Ice Cave |   1055 |   1055 |      0 |     55 |    579 |   1 | 1055.0 |
       Volcano |    256 |    256 |      0 |      0 |     36 |   1 |  256.0 |
      Gauntlet |    650 |    650 |      0 |      0 |    332 |   1 |  650.0 |
               +--------+--------+--------+--------+--------+-----+--------+

Top non-repeatable levels by time:
Vaults:4: 4268 daAuts
Depths:1: 4169 daAuts
   Elf:3: 3498 daAuts
Vaults:1: 3273 daAuts
Vaults:5: 2874 daAuts
Vaults:2: 2477 daAuts
Depths:3: 2447 daAuts
    D:10: 2415 daAuts
     D:9: 2400 daAuts
   Elf:1: 2313 daAuts
Depths:2: 2235 daAuts
    D:15: 2188 daAuts
Spider:3: 2120 daAuts
  Lair:6: 2099 daAuts
Spider:2: 1990 daAuts
